[Event "Early-Titled-Tuesday-Blitz-February-13-2024"]
[Site "Chess.com"]
[Date "2024.02.13"]
[Round "5"]
[White "NewYearGirl"]
[Black "ChEsper99"]
[Result "1-0"]
[WhiteElo "2406"]
[BlackElo "2213"]
[TimeControl "180+1"]
[EndTime "8:57:07 PST"]
[Termination "NewYearGirl won by checkmate"]

1. e4 c6 2. d4 d5 3. Nc3 dxe4 4.
Nxe4 Nf6 5. Nxf6+ exf6 6. c3 Bd6 7. Bd3 O-O 8. Qc2 g6 9. Ne2 a5 10. Bh6 Re8 11. h4 b6 12. h5 Ba6 13. hxg6 fxg6 14. c4 Bb4+ 15. Kf1 Kf7 16. Be3 Kg7 17. Nf4 Nd7 18.
Bxg6 Bxc4+ 19. Kg1 hxg6 20. Qxg6+ Kf8 21. Rh7 f5 22.
Qg7# 1-0

[Event "Early-Titled-Tuesday-Blitz-February-13-2024"]
[Site "Chess.com"]
[Date "2024.02.13"]
[Round "5"]
[White "HanSchut"]
[Black "JERO-8914"]
[Result "0-1"]
[WhiteElo "2257"]
[BlackElo "2437"]
[TimeControl "180+1"]
[EndTime "8:57:12 PST"]
[Termination "JERO-8914 won by resignation"]

1. e4 e5 2. Nf3 Nc6 3. Bc4 Bc5 4. c3 Nf6 5. d4 exd4 6. b4 Bb6 7. e5 d5 8. exf6 dxc4 9. Qe2+ Be6 10. b5 d3 11. Qe4 Nb4 12. O-O Nc2 13. fxg7 Rg8 14. Bg5 Qd5 15. Qxh7 Kd7 16. Nbd2 Bf5 17. Qh6 Nxa1 18.
Rxa1 Rae8 19. Nxc4 Qxc4 20. Qf6 Qe6 21. Rd1 Qxf6 22.
Bxf6 Re6 23. Ne5+ Kc8 24. g4 Rxf6 25. gxf5 Rxg7+ 26. Kf1 Rxf5 0-1

[Event "Early-Titled-Tuesday-Blitz-February-13-2024"]
[Site "Chess.com"]
[Date "2024.02.13"]
[Round "5"]
[White "FGHSMN"]
[Black "IwkooO"]
[Result "1-0"]
[WhiteElo "2974"]
[BlackElo "2644"]
[TimeControl "180+1"]
[EndTime "8:57:13 PST"]
[Termination "FGHSMN won by resignation"]

1. d4 Nf6 2. Bf4 g6 3. Nc3 d5 4. e3 Bg7 5. Nb5 Na6 6. Nf3 O-O 7. Bd3 c6 8. Nc3 Nc7 9. h3 Ne6 10. Be5 a6 11. O-O c5 12. a4 b6 13. dxc5 Nxc5 14.
Bd4 Bb7 15. a5 Nxd3 16. cxd3 bxa5 17. Qa4 e6 18. Nd2 Nd7 19. Bxg7 Kxg7 20. Nb3 Qb6 21. Nxa5 Rfc8 22. Qxd7 1-0

[Event "Early-Titled-Tuesday-Blitz-February-13-2024"]
[Site "Chess.com"]
[Date "2024.02.13"]
[Round "5"]
[White "ACollins05"]
[Black "N_I_Chess"]
[Result "0-1"]
[WhiteElo "2444"]
[BlackElo "2297"]
[TimeControl "180+1"]
[EndTime "8:57:15 PST"]
[Termination "N_I_Chess won by resignation"]

1. d4 Nf6 2. c4 e6 3. Nf3 Bb4+ 4. Nbd2 Qe7 5. a3 Bxd2+ 6. Qxd2 d6 7. e3 O-O 8. b4 e5 9. Qb2 Re8 10. Be2 Bg4 11. dxe5 dxe5 12. O-O Nbd7 13. Bd2 h6 14.
Bc3 Ne4 15. Rad1 Nxc3 16. Qxc3 a5 17. h3 Bh5 18. Nxe5 Bxe2 19. Nxd7 Bxf1 20. Ne5 Qxe5 21.
Qxe5 Rxe5 22. Kxf1 axb4 23. axb4 Re4 0-1

[Event "Early-Titled-Tuesday-Blitz-February-13-2024"]
[Site "Chess.com"]
[Date "2024.02.13"]
[Round "5"]
[White "kleopl"]
[Black "KaterynaLagno"]
[Result "0-1"]
[WhiteElo "2526"]
[BlackElo "2801"]
[TimeControl "180+1"]
[EndTime "8:57:20 PST"]
[Termination "KaterynaLagno won by resignation"]

1. e4 e5 2. Nf3 Nc6 3. d4 exd4 4. Nxd4 Nf6 5. Nxc6 bxc6 6. e5 Qe7 7. Qe2 Nd5 8. c4 Nb6 9. b3 a5 10. Bd2 a4 11. b4 a3 12. Bc3 Na4 13. Bd2 Rb8 14. g3 Qe6 15. Nxa3 Rxb4 16. Rb1 Rb2 17. Rxb2 Nxb2 18.
Nc2 Ba6 19. Nd4 Qg6 20. Bc1 Bb4+ 0-1

[Event "Early-Titled-Tuesday-Blitz-February-13-2024"]
[Site "Chess.com"]
[Date "2024.02.13"]
[Round "5"]
[White "mbachez"]
[Black "kushagramohan"]
[Result "1-0"]
[WhiteElo "2637"]
[BlackElo "2840"]
[TimeControl "180+1"]
[EndTime "8:57:21 PST"]
[Termination "mbachez won by resignation"]

1. e4 e5 2. Nf3 Nc6 3. Nc3 Nf6 4. Be2 g6 5. d4 exd4 6. Nxd4 Bg7 7. Be3 O-O 8. Nb3 Re8 9. Qd3 Nb4 10. Qd2 d5 11. a3 Nc6 12. exd5 Ne5 13. h3 Bf5 14. O-O Ne4 15. Nxe4 Bxe4 16. c4 b6 17. Nd4 Qd7 18. f3 Bf5 19. f4 Bxh3 20. fxe5 Rxe5 21. Bf3 Rae8 22. Bf4 Re4 23. Bxe4 Rxe4 24. Nc6 Bg4 25. Rae1 Rxc4 26. Re7 Qf5 1-0

[Event "Early-Titled-Tuesday-Blitz-February-13-2024"]
[Site "Chess.com"]
[Date "2024.02.13"]
[Round "5"]
[White "Logman74"]
[Black "JEIGOTH"]
[Result "1-0"]
[WhiteElo "2545"]
[BlackElo "2249"]
[TimeControl "180+1"]
[EndTime "8:57:21 PST"]
[Termination "Logman74 won by resignation"]

1. e4 e5 2. Nf3 d6 3. d4 Nd7 4. Nc3 Ngf6 5. Bc4 Be7 6. O-O O-O 7.
Qe2 c6 8. a4 b6 9. Rd1 Qc7 10.
Bg5 Bb7 11. Nh4 Rfe8 12. Nf5 Bf8 13. Ba2 h6 14. Bh4 g6 15. dxe5 dxe5 16. Qc4 Nc5 17. Bxf6 gxf5 18. exf5 e4 19. Qe2 Qf4 20. Qh5 Ne6 21.
fxe6 fxe6 22. Qg6+ 1-0

[Event "Early-Titled-Tuesday-Blitz-February-13-2024"]
[Site "Chess.com"]
[Date "2024.02.13"]
[Round "5"]
[White "Nellichka"]
[Black "davigator"]
[Result "1-0"]
[WhiteElo "2080"]
[BlackElo "2310"]
[TimeControl "180+1"]
[EndTime "8:57:24 PST"]
[Termination "Nellichka won by resignation"]

1. e4 c5 2. b4 cxb4 3. a3 bxa3 4.
d4 d6 5. Nf3 g6 6. Bc4 Bg7 7.
O-O Nc6 8. Nxa3 Nh6 9. h3 O-O 10.
c3 Kh8 11. Bg5 f6 12. Be3 e5 13. Qd2 Nf7 14. Nc2 Na5 15. Ba2 a6 16. Nb4 Nc6 17. Nd5 Ne7 18. h4 Nxd5 19. Bxd5 Qc7 20. h5 gxh5 21. g3 Nd8 22. Kg2 Be6 23. Bxe6 Nxe6 24.
Nh4 Rac8 25. Rac1 Qf7 26. Nf5 Rfd8 27. Rh1 Bf8 28. Bh6 Qg6 29. Bxf8 Rxf8 30. Ne7 Qxe4+ 31.
f3 Nf4+ 32. gxf4 Qxf4 33. Qxf4 1-0

[Event "Early-Titled-Tuesday-Blitz-February-13-2024"]
[Site "Chess.com"]
[Date "2024.02.13"]
[Round "5"]
[White "Zavgorodniy_Sergiy"]
[Black "CMmauricio"]
[Result "1-0"]
[WhiteElo "2634"]
[BlackElo "2830"]
[TimeControl "180+1"]
[EndTime "8:57:27 PST"]
[Termination "Zavgorodniy_Sergiy won by resignation"]

1. d4 e6 2. c4 d5 3. Nf3 f5 4. g3 Nf6 5. Bg2 c6 6. O-O Bd6 7. b3 Qe7 8. a4 O-O 9. Ba3 Ne4 10. Bxd6 Qxd6 11. Nbd2 Nd7 12. Qc2 Rf6 13. Qb2 Qe7 14. b4 Rh6 15. b5 Qe8 16. bxc6 bxc6 17. cxd5 exd5 18. Rfc1 Ba6 19. e3 Qh5 20. h4 Re8 21.
Bf1 Bxf1 22. Kxf1 Nxd2+ 23. Nxd2 g5 24. hxg5 Qh1+ 25. Ke2 Qh5+ 26. Nf3 Rhe6 27. Qb7 Nb8 28. Rh1 Qg6 29. Ne5 R6e7 30. Qxe7 Rxe7 31. Nxg6 hxg6 32. Rab1 Nd7 33. Rb7 Kf7 1-0

[Event "Early-Titled-Tuesday-Blitz-February-13-2024"]
[Site "Chess.com"]
[Date "2024.02.13"]
[Round "5"]
[White "deribas12345"]
[Black "DarkAlekhine"]
[Result "1-0"]
[WhiteElo "2603"]
[BlackElo "2801"]
[TimeControl "180+1"]
[EndTime "8:57:32 PST"]
[Termination "deribas12345 won by resignation"]

1. d4 Nf6 2. c4 e6 3. Nc3 Bb4 4. f3 c5 5. a3 Bxc3+ 6. bxc3 b6 7. e4 O-O 8. Bd3 Nc6 9. Ne2 d6 10. O-O Ba6 11. Bg5 h6 12. Bh4 Na5 13. f4 Bxc4 14. e5 dxe5 15. fxe5 g5 16. exf6 gxh4 17. Qd2 Bxd3 18.
Qxh6 Qxf6 19. Rxf6 1-0

[Event "Early-Titled-Tuesday-Blitz-February-13-2024"]
[Site "Chess.com"]
[Date "2024.02.13"]
[Round "5"]
[White "Qingdom"]
[Black "ChainedDowntohell"]
[Result "0-1"]
[WhiteElo "2189"]
[BlackElo "2540"]
[TimeControl "180+1"]
[EndTime "8:57:35 PST"]
[Termination "ChainedDowntohell won by resignation"]

1. d4 d5 2. c4 e6 3. Nc3 a6 4. cxd5 exd5 5. Nf3 h6 6. Bf4 Nf6 7. e3 Bd6 8. Bxd6 Qxd6 9. Bd3 O-O 10. O-O Nc6 11.
Qe2 Re8 12. Rfc1 Bg4 13. h3 Nxd4 14. hxg4 Nxe2+ 15. Bxe2 Nxg4 16. Rd1 c6 17. Rd2 Rad8 18. Rad1 Qf6 19. Na4 h5 20. b4 h4 21. Nc5 Re7 22.
a4 Rde8 23. b5 axb5 24. axb5 g6 25. bxc6 bxc6 26. Rd4 Re4 27. Nxe4 dxe4 28. Rd6 Re6 29. Rxe6 fxe6 30. Nd4 Qxf2+ 31. Kh1 h3 32. Rg1 h2 33. Rf1 Qxe3 34. Bxg4 Qxd4 35. Bxe6+ Kg7 36. Bg4 e3 37. Bf3 c5 38. Kxh2 e2 39. Bxe2 Qe5+ 40. Kg1 Qxe2 0-1

[Event "Early-Titled-Tuesday-Blitz-February-13-2024"]
[Site "Chess.com"]
[Date "2024.02.13"]
[Round "5"]
[White "Actuary44"]
[Black "MasterofMasters2006"]
[Result "1-0"]
[WhiteElo "2487"]
[BlackElo "2272"]
[TimeControl "180+1"]
[EndTime "8:57:37 PST"]
[Termination "Actuary44 won by checkmate"]

1. e4 e5 2. d4 exd4 3. c3 dxc3 4.
Bc4 Nc6 5. Nf3 Nf6 6. O-O d6 7. Qb3 Qe7 8. Nxc3 Bd7 9. Qxb7 Rb8 10. Qxc7 Rc8 11. Qb7 Rb8 12. Qa6 Rb6 13. Qa3 h6 14.
Be3 Rb4 15. Bd5 Rb8 16. Rac1 g5 17. Nd4 Ne5 18. Qxa7 Rc8 19. Ncb5 Nxd5 20. exd5 Rd8 21.
Nc7# 1-0

[Event "Early-Titled-Tuesday-Blitz-February-13-2024"]
[Site "Chess.com"]
[Date "2024.02.13"]
[Round "5"]
[White "twofoxniel"]
[Black "JG-17"]
[Result "1-0"]
[WhiteElo "2616"]
[BlackElo "2467"]
[TimeControl "180+1"]
[EndTime "8:57:38 PST"]
[Termination "twofoxniel won by resignation"]

1. e4 c5 2. c3 d5 3. exd5 Qxd5 4. d4 cxd4 5. cxd4 Nc6 6. Nf3 Bg4 7. Nc3 Qh5 8. d5 Bxf3 9. gxf3 Ne5 10. Bb5+ Kd8 11.
Be2 Qh3 12. Bf4 Ng6 13. Bg3 h5 14. Qb3 h4 15. Qxb7 Qc8 16. Bc7+ Qxc7 17. Qxa8+ Qc8 18. Qxa7 Nf6 19. O-O-O Nf4 20. Ba6 Qc7 21. Qa8+ Kd7 22. Bb5+ Kd6 23. Rhe1 Qb6 24. Qa3+ Kc7 25. Qa4 g6 26.
Qxf4+ Kc8 27. Qc4+ Kb8 28. Kb1 Bh6 29. Na4 Qa5 30. Bc6 Ka7 31. Rxe7+ 1-0

[Event "Early-Titled-Tuesday-Blitz-February-13-2024"]
[Site "Chess.com"]
[Date "2024.02.13"]
[Round "5"]
[White "banhgiahuy2606"]
[Black "Njal28"]
[Result "0-1"]
[WhiteElo "2696"]
[BlackElo "2986"]
[TimeControl "180+1"]
[EndTime "8:57:39 PST"]
[Termination "Njal28 won by resignation"]

1. c4 g6 2. Nf3 Bg7 3. d4 c5 4. Nc3 cxd4 5. Nxd4 Nc6 6. e3 Nf6 7. Be2 O-O 8. O-O d6 9. e4 Nxe4 10. Nxc6 Nxc3 11. Nxd8 Nxd1 12. Nxf7 Nxb2 13. Nh6+ Kh8 14. Bg5 Na4 15. Bf3 Bf6 16. Bxf6+ Rxf6 17. Rfe1 e5 18. Rad1 Kg7 19. Ng4 Bxg4 20. Bxg4 Nc5 21. Rd5 Raf8 22. f3 h5 23. Bh3 g5 24. g3 b6 25. f4 gxf4 26. gxf4 Rg6+ 27. Kh1 Rxf4 0-1

[Event "Early-Titled-Tuesday-Blitz-February-13-2024"]
[Site "Chess.com"]
[Date "2024.02.13"]
[Round "5"]
[White "nicolasbatista3"]
[Black "NovoselovRoman"]
[Result "1-0"]
[WhiteElo "2356"]
[BlackElo "2532"]
[TimeControl "180+1"]
[EndTime "8:57:39 PST"]
[Termination "nicolasbatista3 won on time"]

1. d4 d5 2. c4 e6 3. Nc3 Nf6 4. Bg5 Be7 5. e3 Nbd7 6. cxd5 exd5 7. Bd3 O-O 8. Qc2 c6 9. Nf3 Re8 10. O-O-O Nf8 11. Bf4 Bg4 12. h3 Bh5 13. g4 Bg6 14.
Ne5 Bxd3 15. Qxd3 Ne6 16. Bg3 Bb4 17. f4 Bxc3 18. Qxc3 Ne4 19. Qe1 c5 20. f5 Nxg3 21.
fxe6 1-0

[Event "Early-Titled-Tuesday-Blitz-February-13-2024"]
[Site "Chess.com"]
[Date "2024.02.13"]
[Round "5"]
[White "DonkyDonkyDonkey"]
[Black "SnekkerAndersen"]
[Result "1-0"]
[WhiteElo "2937"]
[BlackElo "2643"]
[TimeControl "180+1"]
[EndTime "8:57:41 PST"]
[Termination "DonkyDonkyDonkey won by resignation"]

1. e4 e6 2. d4 d5 3. e5 c5 4.
c3 Nc6 5. Nf3 Bd7 6. Bd3 Qb6 7.
dxc5 Bxc5 8. O-O a5 9. Nbd2 Nge7 10. Nb3 Ng6 11. Nxc5 Qxc5 12. Re1 a4 13. h4 a3 14. h5 Nge7 15. Be3 Qa5 16. b4 Qa4 17. Bc2 Qb5 18. Bc5 h6 19. Nd4 Nxd4 20. cxd4 Nc6 21. Qg4 O-O-O 22. Qg3 Qa6 23. b5 Qxb5 24. Qxa3 b6 25. Bd3 Qa5 26. Qxa5 Nxa5 27. Bxb6 Nc4 28.
Bxd8 Rxd8 29. Rab1 Na5 30. Rec1+ Nc6 31. Bb5 Kc7 32.
Bxc6 Bxc6 33. Rc5 Ra8 34. Rbc1 Ra6 35. R1c2 Kd7 36. Kh2 f6 37. f4 Rb6 38. R2c3 Ra6 39. Rg3 1-0

[Event "Early-Titled-Tuesday-Blitz-February-13-2024"]
[Site "Chess.com"]
[Date "2024.02.13"]
[Round "5"]
[White "Alen_Yeremyann"]
[Black "Payyappat"]
[Result "0-1"]
[WhiteElo "2789"]
[BlackElo "2581"]
[TimeControl "180+1"]
[EndTime "8:57:42 PST"]
[Termination "Payyappat won by resignation"]

1. e4 c6 2. Nc3 d5 3. Qe2 d4 4. Nd1 e5 5. d3 Nf6 6. g3 c5 7. h3 Nc6 8. f4 Bd6 9. Bg2 Qc7 10. Nf3 b5 11. O-O Bb7 12. a4 b4 13.
b3 O-O-O 14. f5 g6 15. Bg5 Nh5 16. Bxd8 Qxd8 17. Qf2 gxf5 18. exf5 e4 19. dxe4 Bxg3 20. Qe2 Nf4 21. Qb5 Rg8 22. Ne1 Qg5 23. Rxf4 Qxf4 24. Qe2 Bxe1 25. Qxe1 Ne5 26. Qf2 Qxe4 0-1

[Event "Early-Titled-Tuesday-Blitz-February-13-2024"]
[Site "Chess.com"]
[Date "2024.02.13"]
[Round "5"]
[White "masterofpuppets2"]
[Black "LeoWin2012"]
[Result "1-0"]
[WhiteElo "2444"]
[BlackElo "2236"]
[TimeControl "180+1"]
[EndTime "8:57:43 PST"]
[Termination "masterofpuppets2 won by checkmate"]

1. d4 Nf6 2. c4 e6 3. Nf3 b6 4. g3 Bb7 5. Bg2 c5 6. d5 exd5 7. cxd5 Bxd5 8. O-O Be7 9. Nc3 Bb7 10. e4 d6 11. Qe2 O-O 12. Rd1 Nbd7 13. e5 dxe5 14.
Nxe5 Bxg2 15. Nxd7 Nxd7 16. Kxg2 Re8 17. Qb5 Bg5 18.
Qxd7 Qf6 19. Bxg5 Qxg5 20. Qd5 Qf6 21. Qd6 Qf5 22. Rd5 Qc2 23. Rd2 Qf5 24. Rad1 h5 25. Rd5 Qg4 26. h3 Qb4 27. Rxh5 Qxb2 28. Nd5 g6 29. Nf6+ Kg7 30. Rh7# 1-0

[Event "Early-Titled-Tuesday-Blitz-February-13-2024"]
[Site "Chess.com"]
[Date "2024.02.13"]
[Round "5"]
[White "Aash20"]
[Black "arnash_bauyrzhan"]
[Result "1-0"]
[WhiteElo "2456"]
[BlackElo "2274"]
[TimeControl "180+1"]
[EndTime "8:57:43 PST"]
[Termination "Aash20 won by resignation"]

1. e4 c5 2. Nf3 e6 3. Nc3 a6 4. a4 Qc7 5. Bc4 Nc6 6. O-O Nf6 7. d3 d6 8. Bg5 Be7 9. Qd2 O-O 10. h3 Nd4 11. Nxd4 cxd4 12. Ne2 e5 13. Bxf6 Bxf6 14.
f4 Be6 15. b3 Bd7 16. a5 Rac8 17. fxe5 dxe5 18. Rxf6 gxf6 19. Qh6 Qd6 20. Ng3 Rfd8 21.
Nh5 1-0

[Event "Early-Titled-Tuesday-Blitz-February-13-2024"]
[Site "Chess.com"]
[Date "2024.02.13"]
[Round "5"]
[White "colegiodemadrid"]
[Black "Gabrielian_Artur"]
[Result "0-1"]
[WhiteElo "2536"]
[BlackElo "2792"]
[TimeControl "180+1"]
[EndTime "8:57:47 PST"]
[Termination "Gabrielian_Artur won by resignation"]

1. e4 c5 2. Nf3 d6 3. d4 cxd4 4.
Nxd4 Nf6 5. Nc3 Nc6 6. Bc4 e6 7. Be3 a6 8. Qe2 Qc7 9. Bb3 Na5 10. O-O-O b5 11. g4 b4 12. g5 bxc3 13. gxf6 cxb2+ 14. Kxb2 gxf6 15. Rd3 Bd7 16. Rc3 Qb7 17. Qh5 Nxb3 18. cxb3 Qxe4 19. Rhc1 Be7 20. Rc7 Rd8 21. Rg1 Qe5 22.
Qh6 d5 23. Qg7 Rf8 24. Qxh7 Qxc7 25. Rc1 Qe5 26. h4 f5 27. h5 Rh8 0-1

[Event "Early-Titled-Tuesday-Blitz-February-13-2024"]
[Site "Chess.com"]
[Date "2024.02.13"]
[Round "5"]
[White "JiaHaoxiang"]
[Black "Bugcrusher"]
[Result "1-0"]
[WhiteElo "2603"]
[BlackElo "2450"]
[TimeControl "180+1"]
[EndTime "8:57:47 PST"]
[Termination "JiaHaoxiang won on time"]

1. d4 e6 2. Nf3 Nf6 3. Bf4 b6 4. e3 Be7 5. Nbd2 O-O 6. Bd3 c5 7. c3 cxd4 8. exd4 Ba6 9. Bxa6 Nxa6 10. O-O Qc8 11. a4 Qb7 12. Qe2 Nc7 13. a5 Ncd5 14.
Bg5 bxa5 15. Nc4 Rab8 16. Rxa5 Rfc8 17. Rfa1 Qc7 18. Nfd2 Rb7 19. Bh4 Rcb8 20. Bg3 d6 21. Ra6 Ne8 22. Ne4 Rd8 23. Nc5 1-0

[Event "Early-Titled-Tuesday-Blitz-February-13-2024"]
[Site "Chess.com"]
[Date "2024.02.13"]
[Round "5"]
[White "FredddieCroderg"]
[Black "manitodeplomo"]
[Result "1/2-1/2"]
[WhiteElo "2320"]
[BlackElo "2647"]
[TimeControl "180+1"]
[EndTime "8:57:47 PST"]
[Termination "Game drawn by repetition"]

1. d4 g6 2. c4 Bg7 3. Nc3 Nf6 4. e4 O-O 5. Be2 c6 6. e5 Ne8 7. f4 d6 8. Nf3 Bg4 9. O-O Nd7 10. h3 Bxf3 11.
Bxf3 Qb6 12. Kh1 Rd8 13. Qe2 Nc7 14. Be3 Qa6 15. b3 f6 16. exd6 exd6 17. Qd2 f5 18. Rad1 Nf6 19. Rfe1 d5 20. c5 Ne4 21.
Nxe4 dxe4 22. Be2 Qa3 23. Qc2 Kh8 24. Bc1 Qa5 25. Bd2 Qa3 26. Bc1 Qa5 27. Bd2 Qa3 28. Bc1 1/2-1/2

[Event "Early-Titled-Tuesday-Blitz-February-13-2024"]
[Site "Chess.com"]
[Date "2024.02.13"]
[Round "5"]
[White "AttilaTurzo"]
[Black "OscarAng"]
[Result "0-1"]
[WhiteElo "2474"]
[BlackElo "2341"]
[TimeControl "180+1"]
[EndTime "8:57:54 PST"]
[Termination "OscarAng won by resignation"]

1. d4 d5 2. Nf3 c5 3. c3 Nc6 4.
dxc5 a5 5. Bf4 f6 6. e3 e5 7. Bg3 Bxc5 8. Bb5 Ne7 9. Nbd2 Be6 10. c4 O-O 11. cxd5 Bxd5 12. O-O Qb6 13. Qa4 Rfd8 14. Nc4 Qc7 15. Rfd1 Kh8 16. Rac1 Bxc4 17. Qxc4 Rxd1+ 18. Rxd1 b6 19. Qe6 Rd8 20. Rxd8+ Nxd8 21. h4 Nxe6 0-1

[Event "Early-Titled-Tuesday-Blitz-February-13-2024"]
[Site "Chess.com"]
[Date "2024.02.13"]
[Round "5"]
[White "ChessSkool"]
[Black "crazy_m_attack"]
[Result "1-0"]
[WhiteElo "2696"]
[BlackElo "2463"]
[TimeControl "180+1"]
[EndTime "8:57:56 PST"]
[Termination "ChessSkool won by resignation"]

1. d4 d5 2. Nf3 Nf6 3. c3 Bf5 4. Qb3 Qc8 5. c4 c6 6. Nc3 e6 7. Bf4 Nbd7 8. cxd5 exd5 9. e3 Nh5 10. Bg5 h6 11. Bh4 Bd6 12. Rc1 Qb8 13. Be2 Nhf6 14.
Bg3 O-O 15. O-O Bxg3 16. hxg3 Nb6 17. a4 Nc8 18. a5 Nd6 19. a6 bxa6 20. Qa3 Nb5 21.
Nxb5 axb5 22. Ne5 Ne4 23. Nxc6 Qb7 24. Ne7+ Kh8 25. Nxf5 b4 26. Qa6 Qd7 27. Nh4 Kh7 28.
Bd3 f5 29. Qg6+ Kh8 30. Bxe4 fxe4 31. Rc6 1-0

[Event "Early-Titled-Tuesday-Blitz-February-13-2024"]
[Site "Chess.com"]
[Date "2024.02.13"]
[Round "5"]
[White "CarlosjPineror"]
[Black "MaxLeto"]
[Result "1-0"]
[WhiteElo "2695"]
[BlackElo "2510"]
[TimeControl "180+1"]
[EndTime "8:57:58 PST"]
[Termination "CarlosjPineror won on time"]

1. e4 c5 2. Nf3 d6 3. d4 cxd4 4. Nxd4 Nf6 5. Nc3 a6 6. Bg5 Nbd7 7. f4 Qc7 8. Qe2 b5 9. O-O-O Bb7 10. Bxf6 gxf6 11. Nd5 Qa5 12. Kb1 e6 13. g3 exd5 14. exd5+ Kd8 15. Nc6+ Bxc6 16. dxc6 Nc5 17. Qh5 Qc7 18. Qxc5 Kc8 19. Qd5 Kb8 20. Bg2 Ka7 21. Rhe1 Rd8 22. Qd4+ Kb8 23. Qxf6 Rg8 24. Bd5 Rg7 25.
Re4 h6 26. Rde1 h5 27. Re8 Rxe8 28. Rxe8+ Ka7 29. Rxf8 Qb6 30. Rxf7+ Ka8 31. Rf8+ 1-0

[Event "Early-Titled-Tuesday-Blitz-February-13-2024"]
[Site "Chess.com"]
[Date "2024.02.13"]
[Round "5"]
[White "Roedor"]
[Black "onnoelgersma"]
[Result "0-1"]
[WhiteElo "2302"]
[BlackElo "2537"]
[TimeControl "180+1"]
[EndTime "8:58:03 PST"]
[Termination "onnoelgersma won by resignation"]

1. c4 g6 2. g3 Bg7 3. Bg2 d6 4. Nc3 Nc6 5. Nf3 Bf5 6. e4 Bg4 7. h3 Bxf3 8. Bxf3 e6 9. h4 h5 10. d3 Nge7 11. Be3 Qd7 12. d4 e5 13.
d5 Nd4 14. Bg2 O-O 15. Bh3 f5 16. Bg5 Rae8 17. O-O c5 18. f4 exf4 19. Rxf4 Qc7 20. Bxe7 Qxe7 21. exf5 Qe3+ 22. Kh2 Nxf5 23. Bxf5 Rxf5 24.
Rxf5 gxf5 25. Qxh5 Qf2+ 26. Kh3 Re3 27. Qg6 f4 0-1

[Event "Early-Titled-Tuesday-Blitz-February-13-2024"]
[Site "Chess.com"]
[Date "2024.02.13"]
[Round "5"]
[White "ElephantChessGenius"]
[Black "mr_gustavo"]
[Result "0-1"]
[WhiteElo "2305"]
[BlackElo "2745"]
[TimeControl "180+1"]
[EndTime "8:58:09 PST"]
[Termination "mr_gustavo won by checkmate"]

1. e4 d6 2. Nf3 g6 3. d4 Bg7 4.
Bc4 e6 5. O-O Ne7 6. Nc3 O-O 7.
Re1 d5 8. Bb3 Nbc6 9. exd5 exd5 10. Bg5 h6 11. Bh4 Be6 12. Qd2 g5 13. Bg3 Nf5 14.
Ne2 Nd6 15. Nc3 Ne7 16. Rad1 c6 17.
Be5 Bg4 18. Bxg7 Kxg7 19. Qe3 Nef5 20. Qd3 f6 21. h3 Bxf3 22. Qxf3 Qd7 23. Kh2 Rfe8 24.
Nb1 Rxe1 25. Rxe1 Re8 26. Rxe8 Qxe8 27. Nd2 Qe1 28. Qd3 Qxf2 29. c3 h5 30. Nf3 Ne4 31.
Bd1 Ne3 32. Qe2 Nf1+ 33. Kh1 Neg3# 0-1

[Event "Early-Titled-Tuesday-Blitz-February-13-2024"]
[Site "Chess.com"]
[Date "2024.02.13"]
[Round "5"]
[White "SantoBlue"]
[Black "Orest_Vovk"]
[Result "1-0"]
[WhiteElo "2972"]
[BlackElo "2676"]
[TimeControl "180+1"]
[EndTime "8:58:10 PST"]
[Termination "SantoBlue won by resignation"]

1. e4 g5 2. d4 g4 3. Nc3 Bg7 4. Be3 h5 5. h3 d6 6. hxg4 hxg4 7. Rxh8 Bxh8 8. Qd2 c6 9. Bd3 Qa5 10. Nge2 Nf6 11. O-O-O b5 12. Rh1 Bg7 13. e5 dxe5 14. dxe5 Nd5 15. Bd4 Nxc3 16. Nxc3 Be6 17. Qg5 Bf8 18.
Bf5 Bxf5 19. Qxf5 e6 20. Qg5 Nd7 21. Rh8 Qd8 22. Qxg4 Qe7 23. Qf3 Qg5+ 24. Be3 Qxe5 25. Qxc6 Rd8 26. Rg8 b4 27. Ne4 f6 28. Nc5 Kf7 29.
Nxd7 Rxd7 30. Rxf8+ 1-0

[Event "Early-Titled-Tuesday-Blitz-February-13-2024"]
[Site "Chess.com"]
[Date "2024.02.13"]
[Round "5"]
[White "rcmz"]
[Black "Let_it_be_1"]
[Result "0-1"]
[WhiteElo "2179"]
[BlackElo "2560"]
[TimeControl "180+1"]
[EndTime "8:58:11 PST"]
[Termination "Let_it_be_1 won by resignation"]

1. b4 d5 2. Bb2 e6 3. e3 Nf6 4. a3 Nbd7 5. f4 c5 6. b5 Bd6 7. Nf3 Qc7 8. c4 e5 9. fxe5 Nxe5 10. Nxe5 Bxe5 11. d4 Bxh2 12. cxd5 Bg3+ 13. Kd2 Ne4+ 14. Kc1 Nf2 15. Qf3 cxd4+ 16. Kd2 Nxh1 17. Bxd4 Be5 18.
Qe4 f6 19. Bd3 Nf2 20. Qf3 Bxd4 21. exd4 Nxd3 22. Kxd3 O-O 23. Nc3 Bd7 24. a4 Rac8 25. Kd2 Bg4 26. Qd3 Qf4+ 0-1

[Event "Early-Titled-Tuesday-Blitz-February-13-2024"]
[Site "Chess.com"]
[Date "2024.02.13"]
[Round "5"]
[White "verrbaa"]
[Black "IngOscarArdila"]
[Result "1-0"]
[WhiteElo "2486"]
[BlackElo "2284"]
[TimeControl "180+1"]
[EndTime "8:58:13 PST"]
[Termination "verrbaa won by resignation"]

1. e4 e5 2. Nf3 Nf6 3. Nxe5 d6 4. Nf3 Nxe4 5. Qe2 Qe7 6. d3 Nf6 7. Bg5 Qxe2+ 8. Bxe2 Be7 9. Nc3 h6 10. Bd2 c6 11.
O-O-O O-O 12. h3 Nbd7 13. g4 Ne5 14. Nd4 Re8 15. f4 Ng6 16. g5 hxg5 17. fxg5 Nh7 18.
h4 c5 19. Ndb5 Rd8 20. Nd5 a6 21. Nbc7 Rb8 22. h5 Bxg5 23. hxg6 Bxd2+ 24. Kxd2 fxg6 25. Rdf1 Bf5 26. Ne7+ Kf7 27. Nxf5 gxf5 28. Rxh7 Kg6 29. Rh5 Rh8 30. Rhxf5 Rh2 31. R5f2 Rxf2 32. Rxf2 Rc8 33. Nd5 Rf8 34. Rxf8 1-0

[Event "Early-Titled-Tuesday-Blitz-February-13-2024"]
[Site "Chess.com"]
[Date "2024.02.13"]
[Round "5"]
[White "omer1997"]
[Black "ama18"]
[Result "0-1"]
[WhiteElo "2376"]
[BlackElo "2566"]
[TimeControl "180+1"]
[EndTime "8:58:14 PST"]
[Termination "ama18 won on time"]

1. e4 c5 2. Nf3 d6 3. c3 Nf6 4. Bd3 Nc6 5. Bc2 g6 6. h3 Bg7 7. O-O O-O 8. d4 e5 9. dxc5 dxc5 10. Be3 Qe7 11. Na3 b6 12. Qe2 Bb7 13. Rfd1 Rad8 14.
Nc4 Nh5 15. Rxd8 Rxd8 16. Rd1 Ba6 17. Rd5 Rxd5 18. exd5 Na5 19. Bd3 e4 20. d6 Qe6 21.
Ng5 exd3 22. Qxd3 Qxc4 23. Qxc4 Bxc4 24. d7 Nc6 0-1

[Event "Early-Titled-Tuesday-Blitz-February-13-2024"]
[Site "Chess.com"]
[Date "2024.02.13"]
[Round "5"]
[White "Chandradi"]
[Black "LaPiToB"]
[Result "1-0"]
[WhiteElo "2517"]
[BlackElo "2313"]
[TimeControl "180+1"]
[EndTime "8:58:14 PST"]
[Termination "Chandradi won by resignation"]

1. c4 Nf6 2. g3 e6 3. Bg2 d5 4.
Nf3 c5 5. cxd5 exd5 6. d4 Nc6 7. O-O Be7 8. Nc3 O-O 9. dxc5 Bxc5 10. Bg5 d4 11. Bxf6 Qxf6 12. Ne4 Qe7 13. Nxc5 Qxc5 14.
Rc1 Qb6 15. Qd2 Be6 16. b3 Rfd8 17. Rfd1 h6 18. Qf4 Qa6 19. Rd2 d3 20. e3 Qa3 21.
Rcd1 Nb4 22. Nd4 Bd5 23. Nf5 Bxg2 24. Qe5 1-0